 Dungeon Crawl Stone Soup version 0.31-a0-1009-g454b1f1e0a (webtiles) character file.

Game seed: 2220253754648489135

478 Revguard the Ducker (level 6, -3/47 HPs)
             Began as a Demonspawn Gladiator on Nov 15, 2023.
             Slain by an ice beast (8 damage)
             ... on level 5 of the Dungeon.
             The game lasted 00:10:14 (3657 turns).

Revguard the Ducker (Demonspawn Gladiator)          Turns: 3657, Time: 00:10:16

Health: -3/47      AC: 10    Str: 12 (14) XL:     6   Next: 85%
Magic:  7/7        EV: 11    Int:  8      God:
Gold:   213        SH:  0    Dex: 20      Spells: 5/5 levels left

rFire   . . .        a - +2 long sword
rCold   . . .        (no shield)
rNeg    . . .        g - +0 scale mail
rPois   .            c - +0 helmet
rElec   .            (no cloak)
rCorr   .            f - +0 pair of gloves
SInv    +            (no boots)
Will    .....        (no amulet)
Stlth   +            i - ring of see invisible
HPRegen 0.27/turn    (no ring)
MPRegen 0.10/turn

%: random rage (3%)
@: hasted, very quick
A: slimy green scales 1, powered by death 1, weakness stinger 1, agile 1,
berserk 1, deterioration 1, wild magic 1
a: no special abilities


You were on level 5 of the Dungeon.
You visited 1 branch of the dungeon, and saw 5 of its levels.

You collected 213 gold pieces.

Inventory:

Hand Weapons
 a - a +2 long sword (weapon)
 j - a +2 dagger of venom
Missiles
 d - 3 throwing nets (quivered)
 e - a javelin
Armour
 b - a +0 leather armour
 c - a +0 helmet (worn)
 f - a +0 pair of gloves (worn)
 g - a +0 scale mail (worn)
Jewellery
 i - a ring of see invisible (left hand)
 k - a ring of fire
 o - a +4 ring of protection
Scrolls
 m - a scroll of teleportation
 p - a scroll of blinking
 q - 4 scrolls of revelation
Potions
 l - a potion of heal wounds
 r - a potion of brilliance {unknown}


   Skills:
 + Level 3.4 Fighting
 * Level 3.7 Long Blades
 - Level 1.7 Throwing
 + Level 2.0 Armour
 * Level 4.2 Dodging
 + Level 1.7 Stealth
 - Level 0.4 Shields
 + Level 2.5 Invocations
 + Level 2.0 Evocations


You had 5 spell levels left.
You didn't know any spells.
Your spell library contained the following spells:

 Spells                   Type           Power      Damage    Failure   Level
 Magic Dart               Conj           0%         1d3       95%         1
 Call Imp                 Summ           0%         N/A       99%         2
 Mephitic Cloud           Conj/Pois/Air  0%         N/A       100%        3


Dungeon Overview and Level Annotations

Branches:
Dungeon (5/15)
 Temple: D:4-7

Altars:
Xom

Shops:
D:1 *


Innate Abilities, Weirdness & Mutations

You are partially covered in slimy green scales. (AC +2)
You regenerate a little health from kills.
You have a small tail.
You are agile. (Dex +4, Str/Int -1)
You sometimes lose your temper in combat.
Your body sometimes deteriorates upon taking damage.
Your spells are a little harder to cast, but a little more powerful.


Message History

You hit the sleepcap. You tail-slap the sleepcap.
You destroy the sleepcap!
You feel very sick. The water moccasin bites you!
Your body deteriorates!
You feel weakened. The iguana bites you.
You feel better. The water moccasin bites you.
You slash the water moccasin!
The water moccasin is almost dead.
The iguana bites you! The water moccasin bites you!
* * * LOW HITPOINT WARNING * * *
Your body deteriorates!
You feel weakened.
You feel much better.
The iguana bites you but does no damage.
The water moccasin bites you but does no damage.
You completely miss the water moccasin.
Your tail-slap misses the water moccasin.
The water moccasin is almost dead.
The water moccasin completely misses you.
The iguana barely misses you.
You slash the water moccasin!
You kill the water moccasin!
The iguana bites you.
You feel your dexterity returning.
Your Armour skill increases to level 2!
Your Evocations skill increases to level 2!
You hit the iguana.
The iguana is moderately wounded.
You barely miss the iguana.
The iguana is moderately wounded.
The iguana bites you.
The ice beast hits you but does no damage.
You closely miss the iguana.
The iguana is moderately wounded.
The iguana bites you!
* * * LOW HITPOINT WARNING * * *
The ice beast hits you.
* * * LOW HITPOINT WARNING * * *
The ice beast freezes you!
You die...

#.........
#....>..# . #.....#
.# #....<##.##
##...........
#....#......
#....#.(###.
#....##..#
##@#.......#
#lY#....#....
########.....####..
≈≈≈≈≈~~#....##
.~..~~~....##
####~~:#..#
........#.....
................
........###?.#..


You could see an ice beast and an iguana.

Vanquished Creatures
  A water moccasin (D:5)
  A phantom (D:4)
  2 hounds (D:4)
  2 orc wizards (D:3)
  A sleepcap (D:5)
  6 adders
  2 dart slugs
  10 orcs
  8 endoplasms
  4 giant cockroaches
  7 goblins
  10 hobgoblins
  11 jackals
  6 quokkas
  6 ball pythons
  3 bats (D:3)
  3 frilled lizards
  6 kobolds
  4 rats
93 creatures vanquished.

Vanquished Creatures (others)
  An adder (D:4)
  A giant cockroach (D:4)
2 creatures vanquished.

Grand Total: 95 creatures vanquished

Notes
Turn   | Place    | Note
-------+----------+-------------------------------------------
     0 | D:1      | Revguard the Demonspawn Gladiator began the quest for the
                  | Orb.
     0 | D:1      | Reached XP level 1. HP: 16/16 MP: 1/1
   107 | D:1      | Gained mutation: You have a small tail. [demonic ancestry]
   107 | D:1      | Reached XP level 2. HP: 16/22 MP: 2/2
   257 | D:1      | Found Riyn's General Store.
   273 | D:1      | Found a faded altar of an unknown god.
   475 | D:1      | Reached skill level 3 in Dodging
   476 | D:1      | Reached skill level 1 in Invocations
   482 | D:1      | Reached XP level 3. HP: 26/28 MP: 3/3
  1144 | D:2      | Gained mutation: You regenerate a little health from kills.
                  | [demonic ancestry]
  1144 | D:2      | Reached XP level 4. HP: 33/34 MP: 4/4
  1287 | D:2      | Reached skill level 1 in Evocations
  1289 | D:2      | Reached skill level 1 in Armour
  1679 | D:2      | Gained mutation: Your body sometimes deteriorates upon
                  | taking damage. [potion of mutation]
  1679 | D:2      | Gained mutation: Your spells are a little harder to cast,
                  | but a little more powerful. [potion of mutation]
  1679 | D:2      | Gained mutation: You sometimes lose your temper in combat.
                  | [potion of mutation]
  1679 | D:2      | Gained mutation: You are agile. (Dex +4, Str/Int -1)
                  | [potion of mutation]
  2425 | D:3      | Reached XP level 5. HP: 40/40 MP: 6/6
  2460 | D:3      | Reached skill level 1 in Stealth
  2906 | D:4      | Noticed a phantom
  2914 | D:4      | Killed a phantom
  2915 | D:4      | Gained mutation: You are partially covered in slimy green
                  | scales. (AC +2) [demonic ancestry]
  2915 | D:4      | Reached XP level 6. HP: 44/47 MP: 7/7
  3068 | D:4      | Found a shimmering altar of Xom.
  3167 | D:4      | Reached skill level 4 in Dodging
  3622 | D:5      | Entered Level 5 of the Dungeon
  3632 | D:5      | Noticed a water moccasin
  3633 | D:5      | Noticed an ice beast
  3654 | D:5      | Killed a water moccasin
  3657 | D:5      | Slain by an ice beast

Illustrated notes

Levels and vault maps discovered:
D:1:      wheals_arrival_shading, layout_rooms, serial_shops, shop,
          hellmonk_ecumenical_altar_leap_of_faith, skrybe_limestone_x,
          serial_bayou_ford_a, st_stairs_10, chequers_arboretum,
          corexii_corridor_pit, minivault_24
D:2:      layout_loops_corners, serial_forest, infiniplex_forest_straight_3,
          infiniplex_forest_end_1, infiniplex_forest_clump_small,
          infiniplex_forest_end_3, infiniplex_forest_lined_4_way,
          infiniplex_forest_clump_double, infiniplex_forest_lined_corner,
          minmay_splitting_lines
D:3:      kennysheep_six_static_rooms, layout_basic
D:4:      layout_basic, mainiacjoe_overflow_catwalk_spiral,
          roderic_filled_cross, lemuel_flame_loot_1
D:5:      cheibrodos_two_vegetables, layout_cave_pools, fedhas_altar_4,
          gup_sewer_entry_pipe, uniq_sigmund, uniq_ijyb, uniq_pikel

Skill      XL: |  1  2  3  4  5  6 |
---------------+-------------------+-----
Dodging        | 3 4 |  4.2
Invocations    | 1 2 |  2.5
Evocations     | 1 2 |  2.0
Armour         | 1 2 |  2.0
Long Blades    | 3 |  3.7
Fighting       | 3 |  3.4
Stealth        | 1 |  1.7
Throwing       | |  1.7
Shields        | |  0.4

Action                     |  1- 3 |  4- 6 || total
---------------------------+-------+-------++-------
  Melee: Long sword        |    95 |   147 ||   242
         Punch             |     1 |       ||     1
         Tailslap          |     7 |    15 ||    22
    Use: Scroll            |       |    15 ||    15
         Potion            |       |     5 ||     5
 Armour: Leather armour    |     5 |       ||     5
         Scale mail        |    85 |   112 ||   197
  Dodge: Dodged            |    77 |    84 ||   161

Table legend: (Time is in decaauts)
 A = Elapsed time spent in this place.
 B = Non-inter-level travel time spent in this place.
 C = Inter-level travel time spent in this place.
 D = Time resting spent in this place.
 E = Time spent auto-exploring this place.
 F = Levels seen in this place.
 G = Mean time per level.
                   A        B        C        D        E       F      G
               +--------+--------+--------+--------+--------+-----+--------+
         Total |   3723 |   3595 |    128 |      0 |   2809 |   5 |  744.6 |
       Dungeon |   3723 |   3595 |    128 |      0 |   2809 |   5 |  744.6 |
               +--------+--------+--------+--------+--------+-----+--------+

Top non-repeatable levels by time:
     D:2: 1033 daAuts
     D:4: 1002 daAuts
     D:3: 938 daAuts
     D:1: 716 daAuts
     D:5: 32 daAuts
